 Dungeon Crawl Stone Soup version 0.27-a0-1532-gca18f49f40 (webtiles) character file.

Game seed: 907335636956460547

4 Spaninq the Sneak (level 1, 0/20 HPs)
             Began as a Hill Orc Delver on July 12, 2021.
             Slain by an orc (5 damage)
             ... on level 5 of the Dungeon.
             The game lasted 00:01:37 (178 turns).

Spaninq the Sneak (Hill Orc Delver)                  Turns: 178, Time: 00:01:38

Health: 0/20       AC:  3    Str: 14    XL:     1   Next: 60%
Magic:  1/1        EV: 11    Int: 10    God:
Gold:   30         SH:  0    Dex: 12    Spells: 0/0 levels left

rFire    . . .     SeeInvis .   a - +0 hand axe
rCold    . . .     Faith    .   (no shield)
rNeg     . . .     Spirit   .   b - +0 leather armour
rPois    .         Reflect  .   (no helmet)
rElec    .         Harm     .   (no cloak)
rCorr    .         Rampage  .   (no gloves)
Will     .....                  (no boots)
Stlth    ++........             (no amulet)
HPRegen  0.06/turn              (no ring)
MPRegen  0.07/turn              (no ring)

@: no status effects
A: no striking features
a: no special abilities


You were on level 5 of the Dungeon.
You visited 1 branch of the dungeon, and saw 2 of its levels.

You collected 30 gold pieces.

Inventory:

Hand Weapons
 a - a +0 hand axe (weapon)
Armour
 b - a +0 leather armour (worn)
 h - a +0 chain mail
Wands
 g - a wand of digging (3)
Scrolls
 c - a scroll of fog
 d - a scroll of magic mapping
 e - a scroll of fear
 i - a scroll of enchant armour {unknown}
Potions
 f - a potion of haste
 j - a potion of mutation {unknown}


   Skills:
 + Level 3.7 Fighting
 * Level 3.0 Axes
 + Level 0.3 Armour
 - Level 1.5 Dodging
 - Level 4.1 Stealth


You couldn't memorise any spells.
You didn't know any spells.
Your spell library contained the following spells:

 Spells                   Type           Power      Damage    Failure   Level
 Summon Guardian Golem    Hex/Summ       0%         N/A       82%         3
 Orb of Destruction       Conj           0%         N/A       100%        7
 Spellforged Servitor     Conj/Summ      0%         N/A       100%        7


Dungeon Overview and Level Annotations

Branches:
Dungeon (5/15)
 Temple: D:4-7

Altars:


Message History

You open the door.
There is an open door here.
Found an escape hatch in the floor.
Found a smoky cyan potion.
There is an escape hatch in the floor here.
j - a smoky cyan potion You open the door.
Found a stone staircase leading down.
A hound comes into view.
There is an open door here.
There is an open door here.
An ogre comes into view. It is wielding a +0 giant club.
There is an open door here.
There is a stone staircase leading up here.
You climb upwards.
The ball python hisses angrily.
The orc shouts!
An adder, 3 jackals and 2 orcs come into view.
The jackal barks!
The orc shouts!
The adder hisses angrily.
You hear a shout!
Found three items.
Found two stone staircases leading down.
There is a stone staircase leading down here.
The jackal barks!
The orc barely misses you. The orc hits you with a +0 trident.
You climb downwards.
There is a stone staircase leading up here.
You closely miss the orc. You hit the orc. The orc hits you but does no damage.
The orc barely misses you.
You slash the orc!
The orc is almost dead.
You hit the orc. The orc hits you with a +0 trident!
The orc hits you with a +0 club.
You hit the orc.
You kill the orc!
You barely miss the orc. The orc hits you with a +0 club.
* * * LOW HITPOINT WARNING * * *
Your Axes skill increases to level 3!
You barely miss the orc.
The orc is severely wounded.
The orc hits you with a +0 club.
You die...

#'###....#....h..#....#
.........#......>'....#
.........#########....#
.....##'########.###.....
.....#.............#......
#####..............#......
#.##########.###......
##....###.##o#########
#......#....@.....#
#......#.....)....#
####+##.)########..##
#.....#..## ###
#..(..#...# #.....'...#
#.....##### ######


You could see an orc.

Vanquished Creatures
  2 orcs (D:5)
2 creatures vanquished.

Notes
Turn   | Place    | Note
-------+----------+-------------------------------------------
     0 | D:5      | Spaninq the Hill Orc Delver began the quest for the Orb.
     0 | D:5      | Reached XP level 1. HP: 19/19 MP: 1/1
   135 | D:5      | Noticed a hound
   144 | D:5      | Noticed an ogre
   178 | D:5      | Slain by an orc

Illustrated notes

Levels and vault maps discovered:
D:4:      layout_rooms
D:5:      layout_gridville, serial_shops, nicolae_shop_crystal,
          nicolae_shop_self_help

Skill      XL: |  1 |
---------------+----+-----
Axes           | 3 |  3.0
Fighting       | |  3.7
Armour         | |  0.3
Dodging        | |  1.5
Stealth        | |  4.1

Action                   || total
-------------------------++-------
Melee: Hand axe          ||    10
Armor: Leather armour    ||     1
Dodge: Dodged            ||     7

Table legend: (Time is in decaauts)
 A = Elapsed time spent in this place.
 B = Non-inter-level travel time spent in this place.
 C = Inter-level travel time spent in this place.
 D = Time resting spent in this place.
 E = Time spent auto-exploring this place.
 F = Levels seen in this place.
 G = Mean time per level.
                   A        B        C        D        E       F      G
               +--------+--------+--------+--------+--------+-----+--------+
         Total |    179 |    179 |      0 |      0 |     17 |   2 |   89.5 |
       Dungeon |    179 |    179 |      0 |      0 |     17 |   2 |   89.5 |
               +--------+--------+--------+--------+--------+-----+--------+

Top non-repeatable levels by time:
     D:5: 177 daAuts
     D:4: 1 daAuts
